 Dungeon Crawl Stone Soup version 0.18-a0-1649-g8d9735b (webtiles) character file.

24163 Arkorax the Transmogrifier (level 12, -3/62 HPs)
             Began as a Felid Monk on Mar 28, 2016.
             Was an Elder of Qazlal.
             Slain by a four-headed hydra (10 damage)
             ... on level 13 of the Dungeon on Mar 29, 2016.
             The game lasted 00:52:45 (30864 turns).

Arkorax the Transmogrifier (Felid Monk)            Turns: 30864, Time: 00:52:45

Health: -3/62      AC:  3    Str:  7    XL:     12   Next: 78%
Magic:  0/17       EV: 29    Int: 14    God:    Qazlal [****..]
Gold:   995        SH:  5    Dex: 19    Spells: 2 memorised, 0 levels left
                                        Lives:  0   Deaths: 2

rFire  . . .     SeeInvis +       - Unarmed
rCold  + + .     Gourm    .     (armour unavailable)
rNeg   . . .     Faith    .     (shield unavailable)
rPois  +         Spirit   +     (helmet unavailable)
rElec  .         Dismiss  .     (cloak unavailable)
rCorr  .         Reflect  .     (gloves unavailable)
SustAt .         Harm     .     (boots unavailable)
MR     ++...                    s - amulet of guardian spirit
Stlth  ++........               G - ring of protection from cold
                                P - ring of poison resistance

@: repel missiles, quick, very resistant to hostile enchantments, unstealthy
A: no armour, no weapons or thrown items, claws 1, fangs 3, see invisible,
carnivore 3, clumsy 1, speed 1, magic resistance 1, robust 1, shaggy fur 3, slow
metabolism 1, sharp paws
a: Upheaval, Elemental Force, Renounce Religion


You were on level 13 of the Dungeon.
You worshipped Qazlal.
Qazlal was greatly pleased with you.
You were completely stuffed.

You visited 2 branches of the dungeon, and saw 19 of its levels.

You collected 995 gold pieces.

Inventory:

Jewellery
 l - an uncursed amulet of dismissal
 n - an uncursed ring of flight
 s - an amulet of guardian spirit (around neck)
 y - an uncursed ring of ice
 G - a ring of protection from cold (right paw)
 I - an uncursed amulet of faith
 L - an uncursed ring of protection from cold
 P - a ring of poison resistance (left paw)
 U - an uncursed ring of sustain attributes
Wands
 e - a wand of enslavement (7/24)
 g - a wand of digging (9/24)
 k - a wand of lightning (0/15)
 r - a wand of teleportation (4/9)
 v - a wand of confusion (0/48)
 w - a wand of flame (0/48)
 x - a wand of slowing (21/48)
 C - a wand of lightning (0/15)
 D - a wand of teleportation (2/9)
 H - a wand of iceblast (0/15)
 N - a wand of lightning (0/15)
Scrolls
 c - 8 scrolls of remove curse
 d - 5 scrolls of identify
 j - 2 scrolls of fear
 q - 3 scrolls of recharging
 z - 2 scrolls of teleportation
Potions
 b - a potion of cure mutation
 f - 2 potions of flight
 i - 2 potions of haste
 o - a potion of magic
 B - 6 potions of curing
 E - a potion of lignification {unknown}
 J - 2 potions of heal wounds
 M - a potion of might {unknown}
 O - 2 potions of agility
 Q - a potion of brilliance
 T - a potion of resistance {unknown}
Books
 h - a book of Power

   Spells                             Type                      Level
   a - Fulminant Prism                Conjuration/Hexes            4
   b - Iskenderun's Mystic Blast      Conjuration                  4
   c - Venom Bolt                     Conjuration/Poison           5
   d - Bolt of Magma                  Conjuration/Fire/Earth       5
   e - Iron Shot                      Conjuration/Earth            6
   f - Orb of Destruction             Conjuration                  7
   g - Spellforged Servitor           Conjuration/Summoning        7
 m - a book of the Earth

   Spells                             Type                      Level
   a - Leda's Liquefaction            Hexes/Earth                  4
   b - Bolt of Magma                  Conjuration/Fire/Earth       5
   c - Statue Form                    Transmutation/Earth          6
   d - Iron Shot                      Conjuration/Earth            6
   e - Shatter                        Earth                        9
 p - a book of Cantrips

   Spells                             Type                      Level
   a - Corona                         Hexes                        1
   b - Animate Skeleton               Necromancy                   1
   c - Summon Small Mammal            Summoning                    1
   d - Apportation                    Translocation                1
 F - the Collected Works on Transmutation and Earth
   (You acquired it on level 2 of the Lair of Beasts)

   Spells                             Type                      Level
   a - Sandblast                      Earth                        1
   b - Beastly Appendage              Transmutation                1
   c - Sticks to Snakes               Transmutation                2
   d - Passwall                       Transmutation/Earth          2
   e - Leda's Liquefaction            Hexes/Earth                  4
   f - Hydra Form                     Transmutation                6
 K - a book of Frost

   Spells                             Type                      Level
   a - Freeze                         Ice                          1
   b - Throw Frost                    Conjuration/Ice              2
   c - Ozocubu's Armour               Charms/Ice                   3
   d - Throw Icicle                   Conjuration/Ice              4
   e - Summon Ice Beast               Ice/Summoning                4
 R - a book of Maledictions

   Spells                             Type                      Level
   a - Corona                         Hexes                        1
   b - Ensorcelled Hibernation        Hexes/Ice                    2
   c - Confuse                        Hexes                        3
   d - Tukima's Dance                 Hexes                        3
   e - Dazzling Spray                 Conjuration/Hexes            3
 S - a book of Burglary

   Spells                             Type                      Level
   a - Swiftness                      Charms/Air                   2
   b - Passwall                       Transmutation/Earth          2
   c - Passage of Golubria            Translocation                4
   d - Lee's Rapid Deconstruction     Earth                        5
   e - Darkness                       Hexes                        6
   f - Invisibility                   Hexes                        6
Comestibles
 a - 9 meat rations
 t - 2 slices of pizza
 u - 2 beef jerkies
 A - 12 royal jellies


   Skills:
 - Level 9.5 Fighting
 - Level 11.7 Dodging
 - Level 2.6 Stealth
 - Level 10.1 Unarmed Combat
 * Level 14.0 Transmutations
 * Level 11.9 Earth Magic
 - Level 5.9 Invocations


You couldn't memorise any spells.
You knew the following spells:

 Your Spells              Type           Power        Failure   Level  Hunger
a - Statue Form           Trmt/Erth      #####....    21%         6    #######
b - Hydra Form            Trmt           #####.....   14%         6    #######


Dungeon Overview and Level Annotations

Branches:
Dungeon (13/15)            Temple (0/1) D:4            Lair (6/8) D:9
  Swamp (0/4) Lair:6       Spider (0/4) Lair:4          Orc (0/2) D:9
 Vaults (0/5) D:13
  Slime: Lair:6-8

Altars:
Dithmenos
Fedhas
Gozag
Kikubaaqudgha
Makhleb
Nemelex Xobeh
Okawaru
Pakellas
Qazlal
Ru
Trog
Vehumet
Xom
The Shining One
Jiyva

Shops:
D:2 *   D:10 [[}

Portals:
Trove: D:12 (give 5 scrolls of blinking)

Annotations:
D:3 1 exclusion
D:4 Dowan, Duvessa
D:5 Pikel
D:9 exclusion: statue
Lair:3 Pr0man's ghost, journeyman DsAK


Innate Abilities, Weirdness & Mutations

You cannot wear armour.
You are incapable of wielding weapons or throwing items.
You have sharp claws.
You have razor-sharp teeth.
You have supernaturally acute eyesight.
You are carnivorous and can eat meat at any time.
You cover ground quickly.
Your thick and shaggy fur keeps you warm (AC +3, rC+).
You have a slow metabolism.
Your sharp claws are effective at attacking unaware monsters.
You are clumsy. (Dex -2)
You are resistant to hostile enchantments.
You are robust (+10% HP).


Message History

You claw the four-headed hydra!
The four-headed hydra is almost dead.
The four-headed hydra completely misses you.
The four-headed hydra misses you. x2
The four-headed hydra completely misses you.
You scratch the four-headed hydra.
The four-headed hydra is almost dead.
The four-headed hydra barely misses you.
You block the four-headed hydra's attack.
The four-headed hydra barely misses you.
The four-headed hydra bites you.
You barely miss the four-headed hydra.
The four-headed hydra is almost dead.
The four-headed hydra bites you!
* * * LOW HITPOINT WARNING * * *
The four-headed hydra completely misses you.
The four-headed hydra bites you!
* * * LOW HITPOINT WARNING * * *
The four-headed hydra bites you!
You die...

# ############ #### #### #
#..........# #..# #..# #
#<.........# #..# #..# #
#..........# #..# #..# #
#..........# #..# #..# #
#..........# #..# #..#
#######.(.......§#######..####..#
...).(..........§§§..............
....<..........D@.......)........
#.)#####..####.§##.########.#####
#.§# #.§# #..##.#....§.#.# #..#
#(.# #..##.#......#.# #..# #(.#
#..##.#.####.#.# #.(# #..#
#..##.#.#∩.#.#.# #..# #..#
#..##...#..#.#.# #..# #..#
#..##...#(.#.#.# ...# #(.#
#..##...#'##.#.#


You could see a four-headed hydra.

Vanquished Creatures
  Josephine (Lair:2)
  8 hydras
  A centaur warrior (D:13)
  An iron troll (D:12)
  An unseen horror (D:12)
  2 hill giants
  A lindwurm (D:12)
  A griffon (Lair:2)
  2 ugly things
  A manticore (D:13)
  2 cyclopes
  2 black mambas
  6 elephants
  13 spiny frogs
  A torpor snail (Lair:4)
  A freezing wraith (D:13)
  A rime drake (Lair:3)
  7 komodo dragons
  5 trolls
  Grinder (D:5)
  3 two-headed ogres
  3 blink frogs
  Sigmund (D:6)
  4 wraiths (Lair:4)
  A wyvern (D:12)
  49 yaks
  A vampire (D:10)
  3 basilisks
  5 hippogriffs
  3 hungry ghosts
  3 vampire mosquitoes (D:12)
  2 wargs (D:9)
  9 water moccasins
  12 porcupines
  8 orc warriors
  5 sky beasts
  5 ice beasts
  A black bear (D:9)
  A phantom (D:6)
  A wasp (D:9)
  A slave (D:5)
  7 ogres
  A necrophage (D:9)
  8 wolves
  11 centaurs
  7 crocodiles
  A gnoll sergeant (D:12)
  A big kobold (D:9)
  12 giant frogs
  A scorpion (D:5)
  26 killer bees
  5 wights (D:12)
  2 vampire bats (Lair:2)
  3 electric eels
  8 howler monkeys
  4 crimson imps
  A wasp zombie (D:7)
  2 giant frog zombies
  6 centaur zombies
  A quasit (D:13)
  8 hounds
  2 centaur skeletons
  9 orc priests
  5 jellies
  15 orc wizards
  3 giant frog skeletons
  14 iguanas
  15 worker ants
  A killer bee zombie (D:6)
  A hound zombie (D:7)
  2 hound skeletons
  Robin (D:3)
  A howler monkey skeleton (D:7)
  8 gnolls
  16 adders
  24 river rats
  9 oozes
  An adder skeleton (D:4)
  An adder zombie (D:8)
  3 worms
  4 dart slugs
  6 giant geckos
  49 orcs
  9 giant cockroaches
  10 goblins
  16 hobgoblins
  12 jackals
  12 kobolds
  3 quokkas
  3 ball pythons
  11 bats
  A giant gecko skeleton (D:6)
  6 giant newts
  9 rats
  15 fungi
  7 plants
598 creatures vanquished.

Vanquished Creatures (others)
  11 fungi
  A plant (Lair:3)
12 creatures vanquished.

Grand Total: 610 creatures vanquished

Notes
Turn   | Place    | Note
--------------------------------------------------------------
     0 | D:1      | Arkorax the Felid Monk began the quest for the Orb.
     0 | D:1      | Reached XP level 1. HP: 10/10 MP: 2/2
   230 | D:1      | Reached XP level 2. HP: 9/14 MP: 3/3
   737 | D:2      | Reached XP level 3. HP: 17/17 MP: 4/4
   768 | D:2      | Found an iron altar of Okawaru.
   789 | D:2      | Found Gozag's Platinum Reserve.
   789 | D:2      | Found an opulent altar of Gozag.
  1072 | D:2      | Reached skill level 5 in Dodging
  1339 | D:2      | Reached XP level 4. HP: 15/22 MP: 5/5
  1884 | D:3      | Noticed Robin
  2370 | D:3      | Killed Robin
  2370 | D:3      | Reached XP level 5. HP: 25/25 MP: 6/6
  2415 | D:3      | Reached skill level 5 in Unarmed Combat
  3172 | D:3      | Found an opulent altar of Gozag.
  3172 | D:3      | Found a glowing golden altar of the Shining One.
  3177 | D:3      | Found a bloodstained altar of Trog.
  3177 | D:3      | Found a stormy altar of Qazlal.
  3200 | D:3      | Became a worshipper of Qazlal Stormbringer
  3200 | D:3      | Reached * piety under Qazlal
  3200 | D:3      | Reached ** piety under Qazlal
  3536 | D:4      | Gained mutation: You are covered in thick fur (AC +2). [Felid growth]
  3536 | D:4      | Reached XP level 6. HP: 23/29 MP: 7/7
  3591 | D:4      | Noticed Duvessa
  3736 | D:4      | Noticed Dowan
  3750 | D:4      | Found a staircase to the Ecumenical Temple.
  3760 | D:5      | Entered Level 5 of the Dungeon
  3769 | D:5      | Noticed Grinder
  3799 | D:5      | Killed Grinder
  3799 | D:5      | Reached skill level 5 in Fighting
  3799 | D:5      | Reached XP level 7. HP: 14/33 MP: 8/8
  4139 | D:5      | Noticed Pikel
  4421 | D:6      | Found an ancient bone altar of Kikubaaqudgha.
  4491 | D:6      | Noticed Sigmund
  4492 | D:6      | Gained mutation: You are robust (+10% HP). [potion of mutation]
  4492 | D:6      | Gained mutation: You are resistant to hostile enchantments. [potion of mutation]
  4492 | D:6      | Gained mutation: You are clumsy. (Dex -2) [potion of mutation]
  4505 | D:6      | Killed Sigmund
  4507 | D:6      | Found an oddly glowing altar of Pakellas.
  4886 | D:6      | Learned a level 6 spell: Statue Form
  5450 | D:6      | Reached XP level 8. HP: 23/42 MP: 9/9
  6688 | D:7      | Found a sparkling altar of Nemelex Xobeh.
  7248 | D:7      | Found a blossoming altar of Fedhas.
  7498 | D:7      | Reached XP level 9. HP: 27/48 MP: 10/10
  7913 | D:7      | Reached *** piety under Qazlal
  8147 | D:7      | Found a burning altar of Makhleb.
  8635 | D:7      | HP: 1/49 [ogre/giant spiked club (28)]
  9535 | D:8      | Found a shimmering altar of Xom.
  9898 | D:8      | Found a viscous altar of Jiyva.
  9935 | D:8      | Reached skill level 10 in Unarmed Combat
 10121 | D:9      | Reached XP level 10. HP: 53/53 MP: 11/11
 10291 | D:9      | Reached **** piety under Qazlal
 10293 | D:9      | Reached skill level 1 in Transmutations
 10293 | D:9      | Reached skill level 1 in Earth Magic
 10304 | D:9      | Reached skill level 2 in Transmutations
 10313 | D:9      | Reached skill level 10 in Dodging
 10574 | D:9      | Reached skill level 3 in Transmutations
 10733 | D:9      | Found a staircase to the Lair.
 10833 | D:9      | Found a sacrificial altar of Ru.
 11049 | D:9      | Reached skill level 4 in Transmutations
 11190 | D:9      | Found a staircase to the Orcish Mines.
 11279 | D:9      | Found a radiant altar of Vehumet.
 11524 | D:10     | Entered Level 10 of the Dungeon
 11549 | D:10     | Found Qupsekess's Armour Shoppe.
 11700 | D:10     | Reached skill level 5 in Transmutations
 12003 | D:10     | Reached skill level 6 in Transmutations
 12003 | D:10     | Reached XP level 11. HP: 39/58 MP: 12/12
 12102 | D:10     | Found a shadowy altar of Dithmenos.
 12111 | D:10     | Found Guzo's Gadget Shop.
 12191 | D:10     | Found Doinwu's Armour Boutique.
 12490 | D:10     | Reached skill level 5 in Earth Magic
 13212 | Lair:1   | Entered Level 1 of the Lair of Beasts
 13875 | Lair:1   | Reached skill level 7 in Transmutations
 13878 | Lair:1   | Noticed a seven-headed hydra
 14134 | Lair:1   | Killed a seven-headed hydra
 14676 | Lair:1   | Reached skill level 8 in Transmutations
 15627 | Lair:1   | Reached skill level 9 in Transmutations
 15656 | Lair:1   | Reached ***** piety under Qazlal
 15886 | Lair:2   | Gained mutation: Your thick and shaggy fur keeps you warm (AC +3, rC+). [Felid growth]
 15886 | Lair:2   | Reached XP level 12. HP: 49/62 MP: 11/13
 16085 | Lair:2   | Noticed a six-headed hydra
 16149 | Lair:2   | Killed a six-headed hydra
 16149 | Lair:2   | Reached skill level 10 in Transmutations
 16621 | Lair:2   | HP: 3/62 [griffon (5)]
 16621 | Lair:2   | HP: 1/62 [griffon (2)]
 16970 | Lair:2   | Reached skill level 1 in Invocations
 17489 | Lair:2   | Identified a scroll of acquirement
 17490 | Lair:2   | Identified the Collected Works on Transmutation and Earth (You acquired it on level 2 of the Lair of Beasts)
 17544 | Lair:2   | Noticed an eight-headed hydra
 17553 | Lair:2   | Killed an eight-headed hydra
 17640 | Lair:2   | Upgraded the game from 0.18-a0-1643-gb89d9db to 0.18-a0-1649-g8d9735b
 17903 | Lair:2   | Reached skill level 11 in Transmutations
 19264 | Lair:3   | Noticed Pr0man's ghost (journeyman DsAK)
 19651 | Lair:3   | HP: 2/62 [elephant (7)]
 20015 | Lair:2   | Reached skill level 10 in Earth Magic
 20909 | Lair:4   | Noticed Josephine
 20947 | Lair:2   | Killed Josephine
 21011 | Lair:2   | Reached XP level 13. HP: 41/66 MP: 9/16
 21136 | Lair:2   | Learned a level 6 spell: Hydra Form
 21416 | Lair:3   | Reached skill level 12 in Transmutations
 22720 | Lair:4   | Found a hole to the Spider Nest.
 23311 | Lair:5   | Noticed Maud
 23312 | Lair:5   | HP: 3/85 [eight-headed hydra (7)]
 23315 | Lair:5   | Slain by an eight-headed hydra
 23316 | Lair:5   | Reached XP level 12. HP: -2/80 MP: 0/16
 23368 | Lair:5   | Killed an eight-headed hydra
 23754 | Lair:6   | Noticed a six-headed hydra
 23765 | Lair:6   | Noticed a death yak
 23779 | Lair:6   | Noticed a death yak
 23779 | Lair:6   | Noticed a death yak
 23780 | Lair:6   | Noticed a death yak
 23782 | Lair:6   | Noticed a death yak
 24414 | Lair:6   | Found a staircase to the Swamp.
 24715 | Lair:6   | Noticed a six-headed hydra
 24738 | Lair:5   | Killed a six-headed hydra
 25004 | Lair:5   | Slain by a six-headed hydra
 25005 | Lair:5   | Reached XP level 11. HP: 0/58 MP: 0/15
 25283 | Lair:5   | Killed a six-headed hydra
 25283 | Lair:5   | Reached skill level 13 in Transmutations
 25283 | Lair:5   | Reached skill level 5 in Invocations
 26852 | D:11     | Noticed a hill giant
 26863 | D:11     | Killed a hill giant
 26887 | D:11     | Noticed a cyan ugly thing
 26899 | D:11     | Killed a cyan ugly thing
 26934 | D:11     | Found a stormy altar of Qazlal.
 27221 | D:12     | Noticed an unseen horror
 27248 | D:12     | Killed an unseen horror
 27248 | D:12     | Reached XP level 12. HP: 49/62 MP: 12/17
 27444 | D:12     | Found a portal to a secret trove of treasure.
 29807 | D:13     | Noticed a six-headed hydra
 29851 | D:13     | Killed a six-headed hydra
 29916 | D:13     | Found a gate to the Vaults.
 30446 | D:13     | Noticed a centaur warrior
 30462 | D:13     | Killed a centaur warrior
 30462 | D:13     | Reached skill level 14 in Transmutations
 30852 | D:13     | Noticed a four-headed hydra
 30864 | D:13     | Slain by a four-headed hydra

Vault maps used:
D:1:      dpeg_arrival_rooms_b, serial_bayou_pond_d
D:2:      okawaru_metal_pillars_1_2, first_bread,
          nicolae_gozag_zags_fifth_avenue
D:3:      grunt_temple_overflow_open, uniq_crazy_yiuf_cottage, uniq_robin
D:4:      temple_fountains, minmay_misc_feat_ornament, uniq_duvessa, uniq_edmund
D:5:      gup_sewer_entry_bubbles, uniq_pikel, uniq_grinder
D:6:      kiku_gazebo_garden_becter, grunt_pakellas_basics, uniq_sigmund
D:7:      nicolae_overflow_crystal_walls, nemelex_deck, marbit_many_paths
D:8:      xom_teletrap_fun, minmay_misc_feat_diagonals,
          hangedman_little_slice_of_home
D:9:      lemuel_coloured_pillars_altar, vehumet_statue,
          erik_lair_orcish_takeover, orc_0_dummy
D:10:     serial_shops, shop, kennysheep_mini_moat, shop,
          grunt_dithmenos_smoke_and_mirrors
D:11:     grunt_qazlal_clouds
D:12:     trove_entry_hex_spiral
D:13:     david_vaults_4
Lair:1:   statuecave_lemuel, beast_lair_carwin_5, grunt_megastairs_1
Lair:2:   roderic_batcave, minivault_25, serial_bayou_shore_a
Lair:3:   beast_lair_carwin_4
Lair:4:   nicolae_spider_entry_non_spiders, minmay_holes, uniq_josephine
Lair:5:   uniq_maud
Lair:6:   swamp_mist, grunt_megastairs_3

Skill      XL: |  1  2  3  4  5  6  7  8  9 10 11 12 13 |
---------------+----------------------------------------+-----
Dodging        | 5 6 7 8 9 10 11 | 11.7
Fighting       | 4 5 6 7 9 |  9.5
Unarmed Combat | 5 6 7 8 10 | 10.1
Transmutations | 6 13 14 12 | 14.0
Earth Magic    | 4 11 10 | 11.9
Invocations    | 5 3 4 |  5.9
Stealth        | |  2.6

Action                   |  1- 3 |  4- 6 |  7- 9 | 10-12 | 13-15 || total
-------------------------+-------+-------+-------+-------+-------++-------
Melee: Unarmed           |    78 |   197 |   536 |  1707 |   196 ||  2714
 Cast: Hydra Form        |       |       |       |     5 |     2 ||     7
       Statue Form       |       |       |       |     1 |     1 ||     2
Invok: Upheaval          |       |       |     4 |    20 |       ||    24
Evoke: Wand              |       |       |     1 |    45 |       ||    46
  Use: Scroll            |     3 |       |       |    17 |       ||    20
       Potion            |       |     5 |     4 |     7 |     1 ||    17
 Stab: Sleeping          |     9 |     1 |       |       |       ||    10
       Distracted        |       |     1 |       |     1 |       ||     2
       Invisible         |       |     1 |       |     3 |       ||     4
       Confused          |       |       |       |     1 |       ||     1
  Eat: Chunk             |     8 |     5 |    16 |    51 |     8 ||    88
